 Dungeon Crawl Stone Soup version 0.19.0-9-gfd783f2 (webtiles) character file.

46 tv1990 the Bolt Thrower (level 3, -2/26 HPs)
             Began as a Formicid Arcane Marksman on Nov 7, 2016.
             Killed by nerve-wracking pain
             ... invoked by Grinder
              (13 damage)
             ... on level 4 of the Dungeon.
             The game lasted 00:03:17 (1401 turns).

tv1990 the Bolt Thrower (Formicid Arcane Marksman)  Turns: 1401, Time: 00:03:18

Health: -2/26      AC:  7    Str: 15    XL:     3   Next: 95%
Magic:  4/4        EV:  9    Int: 12    God:
Gold:   78         SH:  0    Dex: 11    Spells: 1 memorised, 3 levels left

rFire  . . .     SeeInvis +     a - +0 hand crossbow
rCold  . . .     Gourm    .     q - +0 scale mail
rNeg   . . .     Faith    .     (no shield)
rPois  +         Spirit   .     (helmet unavailable)
rElec  .         Reflect  .     (no cloak)
rCorr  .         Harm     .     j - +0 pair of gloves
MR     .....                    (no boots)
Stlth  ..........               h - amulet of rage
                                (no ring)
                                s - ring of poison resistance

@: no status effects
A: permanent stasis, dig shafts and tunnels, four strong arms, antennae 3
a: Dig, Shaft Self


You were on level 4 of the Dungeon.
You were near starving.

You visited 1 branch of the dungeon, and saw 3 of its levels.

You collected 78 gold pieces.

Inventory:

Hand Weapons
 a - a +0 hand crossbow (weapon)
 g - a +0 spear
 m - a +0 whip
Missiles
 d - 34 bolts (quivered)
Armour
 b - a +0 leather armour
 e - a +0 robe
 j - a +0 pair of gloves (worn)
 k - a +0 ring mail
 q - a +0 scale mail (worn)
Jewellery
 h - an amulet of rage (around neck)
 s - a ring of poison resistance (left hand)
Scrolls
 l - a scroll of noise {unknown}
 r - a scroll of remove curse {unknown}
Potions
 i - a potion of magic {unknown}
 n - a potion of brilliance {unknown}
 o - a potion of resistance {unknown}
Books
 c - a book of Debilitation

   Spells                             Type                      Level
   a - Corona                         Hexes                        1
   b - Slow                           Hexes                        2
   c - Gell's Gravitas                Hexes/Translocation          3
   d - Inner Flame                    Hexes/Fire                   3
   e - Cause Fear                     Hexes                        4
   f - Leda's Liquefaction            Hexes/Earth                  4
Comestibles
 f - 2 bread rations


   Skills:
 - Level 1.4 Fighting
 + Level 3.8 Crossbows
 - Level 1.7 Dodging
 - Level 1.1 Spellcasting
 - Level 3.6 Hexes


You had 3 spell levels left.
You knew the following spells:

 Your Spells              Type           Power        Failure   Level  Hunger
a - Corona                Hex            #......      34%         1    ##.....


Dungeon Overview and Level Annotations

Branches:
Dungeon (2/15)

Altars:

Annotations:
D:4 Grinder


Innate Abilities, Weirdness & Mutations

You are under a permanent stasis effect.
You can dig through walls and to a lower floor.
Your four strong arms can wield two-handed weapons with a shield.
You have a pair of large antennae on your head. (SInv)


Message History

Grinder gestures at you. Pain shoots through your body!
* * * LOW HITPOINT WARNING * * *
Found a short sword.
You see here a short sword.
You extend your mandibles.
You dig through the rock wall.
You dig through the rock wall.
You are near starving!
You dig through the rock wall.
You dig through the rock wall.
You dig through the rock wall.
You dig through the rock wall.
You dig through the rock wall.
You dig through the rock wall.
You retract your mandibles.
Grinder gestures at you. Pain shoots through your body!
Ouch! That really hurt!
You die...

#.#.###.##.#.#.#.##
#....##.#.###.##.
#..#..#.##.#####.
#.......#.##
#####.####.# #.###.##
#..###5#
#####...#.##.........#
.......@...+.......5.+
####....####.........
#......# ...%...
#...##.# .....
######.# ... # #.# #+#
#. #.######.# #.
#.#......# ##
#.#..###.5#######


You could see Grinder.

Vanquished Creatures
  A gnoll (D:1)
  An ooze (D:1)
  2 dart slugs (D:1)
  2 leopard geckos (D:1)
  8 bats (D:1)
  A giant cockroach (D:1)
  3 goblins (D:1)
  A hobgoblin (D:1)
  A frilled lizard (D:1)
  3 kobolds (D:1)
  4 rats (D:1)
27 creatures vanquished.

Notes
Turn   | Place    | Note
-------+----------+-------------------------------------------
     0 | D:1      | tv1990 the Formicid Arcane Marksman began the quest for the Orb.
     0 | D:1      | Reached XP level 1. HP: 15/15 MP: 2/2
    96 | D:1      | Reached XP level 2. HP: 19/21 MP: 3/3
   195 | D:1      | Reached XP level 3. HP: 26/26 MP: 4/4
  1296 | D:2      | You fall through a shaft for 2 floors!
  1326 | D:4      | Noticed Grinder
  1401 | D:4      | Killed from afar by Grinder

Skill      XL: |  1  2 |
---------------+-------+-----
Crossbows      | 3 |  3.8
Fighting       | |  1.4
Dodging        | |  1.7
Spellcasting   | |  1.1
Hexes          | |  3.6

Action                   || total
-------------------------++-------
Melee: Unarmed           ||    10
 Fire: Hand crossbow     ||    49
 Abil: Dig               ||     4
  Eat: Chunk             ||     1
Armor: Ring mail         ||    21
Dodge: Dodged            ||    36

Table legend:
 A = Turns spent in this place as a percentage of turns spent in the entire game.
 B = Non-inter-level travel turns spent in this place as a percentage of non-inter-level travel turns spent in the entire game.
 C = Inter-level travel turns spent in this place as a percentage of turns spent in this place.
 D = Turns resting spent in this place as a percentage of non-inter-level travel turns spent in this place.
 E = Turns spent auto-exploring this place as a percentage of non-inter-level travel turns spent in this place.
 F = Non-inter-level travel turns spent in this place divided by the number of levels of this place that you've seen.
                   A       B       C       D       E      F
               +-------+-------+-------+-------+-------+----------------------
         Total | 100.0 | 100.0 |   0.4 |   0.7 |  19.0 |  91.0
       Dungeon | 100.0 | 100.0 |   0.4 |   0.7 |  19.0 |  91.0
               +-------+-------+-------+-------+-------+----------------------

Table legend:
 A = Kills in this place as a percentage of kills in entire the game.
 B = Kills by you in this place as a percentage of kills by you in the entire game.
 C = Kills by friends in this place as a percentage of kills by friends in the entire game.
 D = Other kills in this place as a percentage of other kills in the entire game.
 E = Experience gained in this place as a percentage of experience gained in the entire game.
 F = Experience gained in this place divided by the number of levels of this place that you have seen.
                   A       B       C       D       E      F
               +-------+-------+-------+-------+-------+----------------------
         Total | 100.0 | 100.0 |  -nan |  -nan | 100.0 |  22.3
       Dungeon | 100.0 | 100.0 |  -nan |  -nan | 100.0 |  22.3
               +-------+-------+-------+-------+-------+----------------------

Vault maps used:
D:1:      dpeg_arrival_more_subterranean_lakeside_camping, serial_forest,
          infiniplex_forest_end_2, infiniplex_forest_corner_1,
          infiniplex_forest_lined_1, infiniplex_forest_clump_curved,
          infiniplex_forest_straight_1, infiniplex_forest_end_1,
          minmay_pentomino_w4
D:2:      lemuel_doored_altar, marbit_many_paths, uniq_natasha, uniq_sigmund,
          uniq_terence
D:4:      first_bread, uniq_grinder, uniq_duvessa, uniq_eustachio
